 Dungeon Crawl Stone Soup version 0.29-a0-2-g12fcac58f8 (webtiles) character file.

Game seed: 4173108674199501290

67 bande the Covered (level 4, -1/28 HPs)
             Began as a Gargoyle Fighter on Jan 26, 2022.
             Slain by an orc (6 damage)
             ... on level 2 of the Dungeon.
             The game lasted 00:01:56 (1402 turns).

bande the Covered (Gargoyle Fighter)                Turns: 1402, Time: 00:01:56

Health: -1/28      AC: 10    Str: 19    XL:     4   Next: 16%
Magic:  4/4        EV:  9    Int:  9    God:
Gold:   76         SH:  4    Dex: 11    Spells: 3/3 levels left

rFire   . . .      SeeInvis .   a - +0 war axe
rCold   . . .      Faith    .   c - +0 buckler
rNeg    + . .      Spirit   .   b - +0 scale mail
rPois   ∞          Reflect  .   (no helmet)
rElec   +          Harm     .   (no cloak)
rCorr   .          Rampage  .   (no gloves)
Will    .....                   (no boots)
Stlth   ..........              (no amulet)
HPRegen 0.09/turn               (no ring)
MPRegen 0.09/turn               (no ring)

@: no status effects
A: sickness immunity, AC +3, negative energy resistance 1, electricity
resistance, torment resistance 1, petrification resistance
a: no special abilities


You were on level 2 of the Dungeon.
You visited 1 branch of the dungeon, and saw 2 of its levels.

You collected 76 gold pieces.

Inventory:

Hand Weapons
 a - a +0 war axe (weapon)
Armour
 b - a +0 scale mail (worn)
 c - a +0 buckler (worn)
Jewellery
 k - a ring of ice
Scrolls
 j - 3 scrolls of blinking {unknown}
Potions
 d - a potion of might
 f - a potion of lignification {unknown}
 g - a potion of mutation {unknown}
 h - a potion of invisibility {unknown}
 i - a potion of brilliance {unknown}


   Skills:
 + Level 3.6 Fighting
 + Level 2.6 Axes
 + Level 4.1 Armour
 + Level 3.7 Shields


You had 3 spell levels left.
You didn't know any spells.
Your spell library contained the following spells:

 Spells                   Type           Power      Damage    Failure   Level
 Gell's Gravitas          Tloc           0%         N/A       99%         3
 Lesser Beckoning         Tloc           0%         N/A       99%         3
 Teleport Other           Tloc           0%         N/A       99%         3


Dungeon Overview and Level Annotations

Branches:
Dungeon (2/15)

Altars:


Innate Abilities, Weirdness & Mutations

You are immune to sickness and miasma.
Your stone body is resilient. (AC +3)
You are immune to poison.
You resist negative energy. (rN+)
You are resistant to electric shocks. (rElec)
You are resistant to unholy torment.
You are immune to petrification.


Message History

You hit the kobold.
You kill the kobold!
The orc hits you but does no damage.
The quokka bites you but does no damage.
You hit the quokka.
The quokka is severely wounded.
The quokka barely misses you. The orc hits you but does no damage.
You block the quokka's attack.
You slash the quokka!
You kill the quokka!
The orc hits you but does no damage. The orc barely misses you.
The orc priest mumbles some strange prayers to Beogh against you.
Beogh smites you!
Ouch! That really hurt!
You are too injured to fight recklessly!
You are too injured to fight recklessly!
You are too injured to fight recklessly!
You are too injured to fight recklessly!
You are too injured to fight recklessly!
You are too injured to fight recklessly!
You are too injured to fight recklessly!
You are too injured to fight recklessly!
You are too injured to fight recklessly!
You are too injured to fight recklessly!
You completely miss the orc. The orc hits you with a +0 flail!
* * * LOW HITPOINT WARNING * * *
The orc barely misses you.
You feel much better. You block the orc's attack. The orc barely misses you.
You barely miss the orc. The orc barely misses you. You block the orc's attack.
The orc priest invokes the aid of Beogh against you.
Beogh smites you!
Ouch! That really hurt!
The orc hits you with a +0 flail.
* * * LOW HITPOINT WARNING * * *
The orc hits you but does no damage.
You barely miss the orc. The orc barely misses you. You block the orc's attack.
You hit the orc.
The orc is lightly wounded.
The orc hits you with a +0 flail.
You die...

##### #..# # ...# #..#
#.##.## ##†.#
####.#...#####...##.#
#...................#
.##.#...#####........#
#.#.### ##.#######
#...# #.# ###@# #.#
#o# #+#


oo# ##!# ..# ..# ... ...# You could see an orc priest and 2 orcs.

Vanquished Creatures
  An adder (D:2)
  3 dart slugs (D:1)
  6 bats
  4 endoplasms
  2 giant cockroaches
  5 goblins
  5 hobgoblins
  5 jackals (D:1)
  2 kobolds
  A quokka (D:2)
  A ball python (D:1)
  6 frilled lizards
  7 rats
48 creatures vanquished.

Notes
Turn   | Place    | Note
-------+----------+-------------------------------------------
     0 | D:1      | bande the Gargoyle Fighter began the quest for the Orb.
     0 | D:1      | Reached XP level 1. HP: 14/14 MP: 1/1
   252 | D:1      | Reached XP level 2. HP: 16/19 MP: 2/2
   403 | D:1      | Reached skill level 4 in Armour
   518 | D:1      | Reached XP level 3. HP: 21/23 MP: 3/3
  1100 | D:2      | Reached XP level 4. HP: 28/28 MP: 4/4
  1402 | D:2      | Slain by an orc

Illustrated notes

Levels and vault maps discovered:
D:1:      tarquinn_simple_flora_water_e, layout_basic
D:2:      minmay_roachtagon, layout_loops_corners, basic_ecumenical_altar

Skill      XL: |  1  2 |
---------------+-------+-----
Armour         | 4 |  4.1
Axes           | 2 |  2.6
Fighting       | |  3.6
Shields        | |  3.7

Action                   |  1- 3 |  4- 6 || total
-------------------------+-------+-------++-------
Melee: War axe           |    95 |    27 ||   122
  Use: Scroll            |     1 |       ||     1
       Potion            |       |     1 ||     1
Armor: Scale mail        |    79 |    12 ||    91
Dodge: Dodged            |    70 |    15 ||    85
Block: Buckler           |    36 |     6 ||    42

Table legend: (Time is in decaauts)
 A = Elapsed time spent in this place.
 B = Non-inter-level travel time spent in this place.
 C = Inter-level travel time spent in this place.
 D = Time resting spent in this place.
 E = Time spent auto-exploring this place.
 F = Levels seen in this place.
 G = Mean time per level.
                   A        B        C        D        E       F      G
               +--------+--------+--------+--------+--------+-----+--------+
         Total |   1454 |   1454 |      0 |      0 |   1129 |   2 |  727.0 |
       Dungeon |   1454 |   1454 |      0 |      0 |   1129 |   2 |  727.0 |
               +--------+--------+--------+--------+--------+-----+--------+

Top non-repeatable levels by time:
     D:1: 980 daAuts
     D:2: 474 daAuts
